AoeStats
← {WaZzU'P} Recluta4!

Pilgrims

507868334Analyzed
3v3 RM · 13d ago on Sep 20, 2026· 24m 52s· 6 players
Game mode
Random Map
Map size
Normal (6 player)
Population
200
Speed
Normal
Resources
Standard
Victory
Conquest
Starting age
Dark Age
Ending age
Imperial Age
RankedLock teamsTeams togetherTeam positionsShared explorationLock speedFull tech treeHidden civsTurbo modeCheats
Victory
Defeat
🇪🇸 Huns · Spain
1177
+16
🇪🇸 Spanish · Spain
1110
+18
🇲🇽 Saracens · Mexico
1079
+20
🇺🇸 Berbers · United States
1217
-21
🇬🇧 Persians · United Kingdom
1202
-19
🇨🇳 Huns · China
1070
-14
crumwel
3:09 Loom
13:41 Feudal Age
13:47 Feudal Age
20:34 Castle Age
20:06 Double-Bit Axe
20:02 Horse Collar
20:14 Gold Mining
20:18 Stone Mining
20:30 Fletching
20:41 Padded Archer Armor
21:15 Fishing Lines
21:54 Bow Saw
21:46 Heavy Plow
El Boss
3:32 Loom
12:10 Feudal Age
12:39 Double-Bit Axe
12:36 Fishing Lines
19:27 Castle Age
18:43 Gold Mining
19:56 Stone Mining
20:05 Fletching
20:26 Forging
20:21 Scale Barding Armor
20:31 Bow Saw
24:04 Imperial Age
21:35 Murder Holes
21:51 Masonry
22:19 Iron Casting
21:37 Gillnets
26:00 Two-Man Saw
El_Terrible
3:55 Loom
16:51 Feudal Age
18:13 Double-Bit Axe
21:30 Castle Age
20:22 Town Watch
22:49 Bow Saw
{WaZzU'P} Recluta4!
[ITBB] RossMichael
fechinoo
Connection lost

Rejoining the realm…

Still unreachable

The connection could not be restored.

Session expired

The server has moved on; the page needs a fresh start.